AoeStats
← Shuksan

Nomad

503018167Analyzed
1v1 RM · 2mo ago on Aug 30, 2026· 24m 39s· 2 players
Game mode
Random Map
Map size
126×126
Population
200
Speed
Normal
Resources
Standard
Victory
Conquest
Starting age
Dark Age
Ending age
Imperial Age
RankedLock teamsTeams togetherTeam positionsShared explorationLock speedFull tech treeHidden civsTurbo modeCheats
Victory
Defeat
🇺🇸 Spanish · United States
784
+17
vs
🇵🇪 Hindustanis · Peru
814
-17
Shuksan
11:49 Loom
16:19 Feudal Age
17:47 Wheelbarrow
17:01 Double-Bit Axe
18:37 Town Watch
22:36 Castle Age
21:34 Scale Barding Armor
21:17 Horse Collar
22:28 Fishing Lines
24:41 Bow Saw
24:26 Fletching
24:47 Forging
24:56 Gillnets
AAM peacemaker
3:13 Loom
15:45 Feudal Age
17:05 Man-at-Arms
18:03 Double-Bit Axe
22:25 Castle Age
21:21 Horse Collar
22:33 Forging
23:59 Bow Saw
23:52 Heavy Plow
24:21 Stone Mining
24:41 Gold Mining
Connection lost

Rejoining the realm…

Still unreachable

The connection could not be restored.

Session expired

The server has moved on; the page needs a fresh start.